Map: Bel'Shir Vestige LE (Void)

Players

NORTHAMERICA - Winner!

  • Race: Protoss Protoss
  • League: Master
  • Spawn Location: 5:00

TAiLS

  • Race: Protoss Protoss
  • League: Master
  • Spawn Location: 11:00

VOD

Have the link to the VOD?

Description

Time

  • Played on: April 12, 2017, 11:32 p.m.
  • Length: 21:11
Show
View Real Time Build Order
Export as new Build Order

NORTHAMERICA Protoss - Winner!

Build Orders:  

Get SALT Encoding   

  12  0:01  Probe (Chrono Boost)  
  13  0:11  Probe (Chrono Boost)  
  14  0:17  Pylon  
  14  0:22  Probe (Chrono Boost)  
  15  0:36  Probe (Chrono Boost)  
  15  0:37  Gateway  
  16  0:46  Probe (Chrono Boost)  
  16  0:47  Assimilator  
  17  0:52  Assimilator  
  18  0:57  Probe (Chrono Boost)  
  18  1:07  Probe (Chrono Boost)  
  18  1:10  Gateway  
  19  1:18  Probe (Chrono Boost)  
  20  1:24  Cybernetics Core  
  20  1:28  Probe (Chrono Boost)  
  21  1:34  Pylon  
  21  1:39  Probe (Chrono Boost)  
  22  1:49  Probe (Chrono Boost)  
  23  2:00  Stalker x2, Probe (Chrono Boost)  
  28  2:03  Warp Gate  
  28  2:11  Mothership Core (Chrono Boost)  
  30  2:17  Pylon  
  30  2:35  Stalker x2  
  34  2:38  Probe (Chrono Boost)  
  35  2:59  Nexus  
  35  3:08  Pylon  
  35  3:09  Probe (Chrono Boost)  
  36  3:28  Robotics Facility  
  36  3:30  Stalker  
  36  3:32  Sentry  
  40  3:43  Gateway  
  40  3:45  Pylon  
  34  4:09  Stalker x2  
  38  4:13  Immortal  
  39  4:28  Pylon  
  39  4:29  Pylon  
  39  4:40  Sentry x2  
  44  4:46  Probe (Chrono Boost)  
  44  4:47  Immortal  
  47  4:56  Probe (Chrono Boost)  
  48  5:02  Stalker  
  50  5:15  Stalker x2  
  52  5:30  Immortal  
  56  5:39  Adept  
  52  5:45  Adept  
  53  5:54  Adept  
  42  6:09  Probe (Chrono Boost)  
  39  6:13  Probe (Chrono Boost)  
  40  6:20  Probe (Chrono Boost)  
  40  6:23  Probe (Chrono Boost)  
  42  6:30  Probe (Chrono Boost)  
  43  6:39  Adept x2  
  47  6:43  Adept  
  47  6:46  Probe (Chrono Boost)  
  50  6:48  Probe (Chrono Boost)  
  51  7:03  Adept  
  51  7:04  Pylon  
  51  7:08  Sentry  
  55  7:13  Adept  
  57  7:20  Pylon  
  57  7:30  Adept  
  57  7:36  Adept  
  55  7:40  Probe (Chrono Boost)  
  56  7:47  Probe (Chrono Boost)  
  56  7:51  Probe (Chrono Boost)  
  59  8:01  Probe (Chrono Boost)  
  59  8:02  Sentry  
  61  8:06  Pylon  
  61  8:11  Pylon  
  61  8:25  Adept x3  
  61  8:26  Pylon  
  67  8:27  Probe (Chrono Boost)  
  67  8:30  Probe (Chrono Boost)  
  66  8:43  Probe (Chrono Boost)  
  66  8:46  Probe (Chrono Boost)  
  62  8:48  Sentry  
  62  8:49  Sentry  
  62  8:50  Sentry  
  62  8:53  Probe (Chrono Boost)  
  68  8:56  Probe (Chrono Boost)  
  69  9:04  Probe (Chrono Boost)  
  69  9:07  Probe (Chrono Boost)  
  67  9:14  Probe (Chrono Boost)  
  68  9:17  Adept, Probe (Chrono Boost)  
  68  9:23  Assimilator  
  68  9:25  Probe (Chrono Boost)  
  68  9:28  Probe (Chrono Boost)  
  70  9:32  Robotics Bay  
  70  9:35  Probe (Chrono Boost)  
  71  9:38  Probe (Chrono Boost)  
  71  9:41  Assimilator  
  72  9:46  Probe (Chrono Boost)  
  72  9:49  Adept  
  72  9:50  Adept  
  65  9:57  Probe (Chrono Boost)  
  65  9:59  Adept  
  67  10:04  Probe (Chrono Boost)  
  66  10:08  Probe (Chrono Boost)  
  66  10:15  Probe (Chrono Boost)  
  66  10:17  Disruptor  
  66  10:18  Adept  
  66  10:19  Probe (Chrono Boost)  
  66  10:25  Probe (Chrono Boost)  
  68  10:47  Adept x3  
  68  10:48  Disruptor  
  70  10:56  Probe x2 (Chrono Boost)  
  74  11:07  Probe (Chrono Boost)  
  74  11:08  Probe (Chrono Boost)  
  74  11:19  Disruptor, Probe (Chrono Boost)  
  74  11:20  Probe (Chrono Boost)  
  78  11:27  Twilight Council  
  78  11:38  Probe (Chrono Boost)  
  77  11:40  Adept, Probe (Chrono Boost)  
  77  11:41  Adept  
  79  11:50  Probe x2 (Chrono Boost)  
  81  11:56  Disruptor  
  85  12:03  Probe (Chrono Boost)  
  85  12:07  Blink  
  82  12:11  Adept x2  
  83  12:18  Probe (Chrono Boost)  
  83  12:21  Probe (Chrono Boost)  
  86  12:30  Disruptor, Probe (Chrono Boost)  
  86  12:32  Probe (Chrono Boost)  
  84  12:42  Probe x2 (Chrono Boost)  
  86  13:01  Pylon x2  
  86  13:07  Disruptor  
  86  13:08  Probe (Chrono Boost)  
  86  13:09  Adept  
  86  13:10  Adept  
  82  13:19  Adept  
  78  13:31  Stalker x2  
  82  13:38  Disruptor  
  85  13:53  Stalker  
  85  13:55  Stalker x2, Pylon  
  89  14:09  Disruptor  
  89  14:16  Robotics Facility, Stalker  
  94  14:19  Stalker  
  96  14:27  Stalker  
  96  14:41  Disruptor  
  96  14:50  Pylon  
  96  14:51  Pylon  
  99  14:57  Stalker x3  
  105  15:14  Observer  
  104  15:22  Nexus  
  104  15:34  Adept x2  
  104  15:35  Adept  
  105  15:41  Probe (Chrono Boost)  
  92  15:53  Robotics Facility  
  84  16:14  Pylon x2  
  84  16:19  Robotics Facility  
  84  16:22  Pylon  
  85  16:27  Probe (Chrono Boost)  
  85  16:35  Mothership Core (Chrono Boost)  
  85  16:38  Observer  
  85  16:43  Probe (Chrono Boost)  
  87  16:52  Stalker x2  
  89  16:56  Disruptor  
  90  17:08  Disruptor  
  78  17:24  Probe (Chrono Boost)  
  79  17:34  Stalker x2  
  81  17:38  Probe (Chrono Boost)  
  81  17:41  Adept, Observer  
  81  18:00  Disruptor  
  81  18:03  Stalker x2  
  81  18:04  Disruptor, Stalker  
  90  18:27  Stalker x2  
  82  18:37  Stalker  
  76  19:01  Probe (Chrono Boost)  
  73  19:04  Stalker x3  
  80  19:24  Probe (Chrono Boost)  
  80  19:38  Observer  
  71  20:07  Stalker x2  
  71  20:09  Stalker  
  60  20:24  Observer  
  60  20:25  Probe (Chrono Boost)  
Show
View Real Time Build Order
Export as new Build Order

TAiLS Protoss 

Build Orders:  

Get SALT Encoding   

  12  0:00  Probe (Chrono Boost)  
  13  0:11  Probe (Chrono Boost)  
  14  0:17  Pylon  
  14  0:22  Probe (Chrono Boost)  
  15  0:35  Gateway, Probe (Chrono Boost)  
  16  0:45  Probe (Chrono Boost)  
  16  0:47  Assimilator  
  17  0:52  Assimilator  
  17  0:56  Probe (Chrono Boost)  
  18  1:03  Gateway  
  18  1:07  Probe (Chrono Boost)  
  19  1:17  Probe (Chrono Boost)  
  20  1:22  Cybernetics Core  
  20  1:28  Probe (Chrono Boost)  
  20  1:29  Pylon  
  21  1:38  Probe (Chrono Boost)  
  22  1:47  Warp Gate  
  22  1:49  Probe (Chrono Boost)  
  23  1:58  Stalker x2  
  23  2:01  Probe (Chrono Boost)  
  28  2:05  Pylon  
  30  2:18  Mothership Core (Chrono Boost)  
  30  2:28  Stalker  
  32  2:34  Stalker  
  34  2:37  Pylon  
  34  2:47  Probe (Chrono Boost)  
  35  2:57  Robotics Facility  
  35  3:00  Gateway  
  35  3:05  Stalker  
  35  3:09  Stalker  
  38  3:22  Pylon  
  38  3:30  Pylon  
  36  3:58  Stalker x2  
  36  3:59  Pylon  
  34  4:17  Immortal  
  36  4:27  Stalker x3  
  42  4:54  Stalker x3  
  42  4:57  Immortal  
  52  5:22  Adept x3  
  58  5:54  Stalker x2  
  58  5:55  Stalker  
  52  6:03  Immortal  
  48  6:18  Adept x3  
  54  6:40  Adept x3  
  62  7:01  Nexus  
  60  7:12  Observer  
  55  7:39  Stalker x3  
  61  8:00  Pylon  
  61  8:08  Immortal  
  65  8:16  Sentry x2, Adept  
  72  8:20  Probe (Chrono Boost)  
  72  8:21  Probe (Chrono Boost)  
  73  8:31  Probe (Chrono Boost)  
  73  8:33  Probe (Chrono Boost)  
  69  8:48  Immortal  
  71  8:56  Adept x2  
  71  8:57  Sentry  
  78  9:03  Probe (Chrono Boost)  
  78  9:04  Probe (Chrono Boost)  
  77  9:14  Probe (Chrono Boost)  
  77  9:15  Probe (Chrono Boost)  
  77  9:25  Probe (Chrono Boost)  
  77  9:27  Probe (Chrono Boost)  
  77  9:30  Sentry, Adept x2  
  83  9:35  Probe (Chrono Boost)  
  84  9:41  Probe (Chrono Boost)  
  83  9:52  Adept x2  
  85  10:03  Pylon  
  85  10:06  Pylon  
  81  10:18  Immortal  
  75  10:21  Adept x2  
  75  10:22  Adept  
  75  10:26  Assimilator  
  75  10:27  Assimilator  
  75  10:28  Gateway  
  85  10:29  Gateway  
  85  10:30  Probe x2 (Chrono Boost)  
  81  10:52  Immortal  
  81  10:53  Adept x3  
  83  11:02  Pylon  
  87  11:04  Pylon  
  87  11:18  Stalker x3  
  91  11:27  Pylon  
  91  11:30  Immortal  
  93  11:48  Sentry x2  
  93  11:49  Adept x3  
  99  12:15  Immortal  
  99  12:22  Stalker x3  
  87  12:38  Adept  
  87  12:39  Adept  
  91  12:45  Sentry x3  
  97  12:56  Immortal  
  75  13:19  Stalker x2  
  75  13:22  Sentry x2  
  75  13:23  Sentry  
  81  13:40  Twilight Council  
  81  13:45  Sentry  
  82  14:10  Observer  
  83  14:21  Nexus  
  83  14:24  Pylon  
  83  14:34  Adept x2  
  83  14:35  Adept x3  
  93  14:50  Blink  
  93  15:11  Stalker x3  
  93  15:12  Stalker  
  66  15:59  Stalker x4  
  43  16:22  Stalker x3  
  49  16:27  Stalker  
  51  16:52  Nexus  
  49  17:22  Stalker x4  
  47  18:02  Stalker x4  
  55  18:21  Dark Shrine  
  41  19:07  Stalker x4  
  49  19:33  Dark Templar  
  49  19:36  Dark Templar  
  39  20:12  Dark Templar  
  37  20:27  Dark Templar  
  37  20:43  Dark Templar  
  23  21:02  Dark Templar  
Tags
 
Add a new tag
Caveats
  • Supply blocks, unpowered buildings, or Contaminate may cause inaccurate times.
  • Supply counts are checked every 10 seconds.